[Event "Team 45 45 League T68"]
[Site "Internet Chess Club"]
[Date "2016.03.12"]
[Round "1"]
[White "Tobiasdelmonte"]
[Black "justice02"]
[Result "1/2-1/2"]
[WhiteElo "1788"]
[BlackElo "1626"]
[Opening "Grünfeld with Bf4 & e3"]
[ECO "D93"]
[Time "21:00:13"]
[TimeControl "2700+45"]

1. d4 Nf6 2. c4 g6 3. Nc3 d5 4. Bf4 Bg7 5. e3 O-O 6. Nf3 Re8 7. h3 a6 8. Be2 c6
9. O-O dxc4 10. Bxc4 Nd5 11. Ne5 Be6 12. Bh2 Nxc3 13. bxc3 Bxc4 14. Nxc4 Nd7 15.
a4 b5 16. axb5 axb5 17. Nd2 Rxa1 18. Qxa1 Qa8 19. Qb2 e5 20. Ra1 Qc8 21. Qa2 b4
22. Nc4 Re6 23. cxb4 exd4 24. exd4 Bxd4 25. Rd1 Qe8 26. Qd2 Re2 27. Qc1 Bxf2+
28. Kh1 Re1+ 29. Rxe1 Qxe1+ 30. Qxe1 Bxe1 31. Bd6 f5 32. Kg1 Kf7 33. Kf1 Bc3 34.
Ke2 Ke6 35. Kd3 Ne5+ 36. Bxe5 Bxe5 37. Nb6 g5 38. Kc4 h5 39. Na4 Bd6 40. Nc3 Ke5
41. Ne2 h4 42. Nd4 Kf4 43. Nxc6 Kg3 44. Nd4 f4 45. Nf5+ Kxg2 46. Nxd6 g4 47. b5
f3 48. Ne4 g3 49. b6 f2 50. Nd2 Kxh3 51. b7 g2 52. b8=Q f1=Q+ 53. Nxf1 gxf1=Q+
54. Kd4 Qf2+ 55. Ke4 Kg2 56. Qg8+ Kh1 57. Qg4 Qg2+ 58. Kf4 h3 59. Qd1+ Kh2 60.
Qe1 Qg1 61. Qe2+ Qg2 62. Qe1 Qg7 {Game drawn by mutual agreement} 1/2-1/2

[Event "Team 45 45 League T68"]
[Site "Internet Chess Club"]
[Date "2016.03.13"]
[Round "1"]
[White "Agarnez"]
[Black "The7thGuest"]
[Result "1/2-1/2"]
[WhiteElo "1980"]
[BlackElo "1950"]
[Opening "Bogo-Indian defense, Nimzovich variation"]
[ECO "E11"]
[Time "09:00:12"]
[TimeControl "2700+45"]

1. Nf3 Nf6 2. c4 e6 3. d4 Bb4+ 4. Bd2 Qe7 5. a3 Bxd2+ 6. Qxd2 d5 7. Nc3 O-O 8.
e3 c6 9. Bd3 Nbd7 10. Rd1 dxc4 11. Bxc4 e5 12. dxe5 Nxe5 13. Nxe5 Qxe5 14. Qd6
Qxd6 15. Rxd6 Bf5 16. O-O Rfd8 17. Rfd1 Rxd6 18. Rxd6 Kf8 19. f3 Ke7 20. Rd4 Be6
21. Bxe6 Kxe6 22. e4 Nd7 23. Kf2 Ke7 24. f4 f6 25. Ke3 Nb6 26. Na4 Nxa4 27. Rxa4
a6 28. Rd4 c5 29. Rd5 Rc8 30. a4 b5 31. axb5 axb5 32. g4 b4 33. b3 c4 34. bxc4
Rxc4 35. Rb5 Rc3+ 36. Kd4 Rh3 37. Rxb4 g5 38. fxg5 fxg5 39. Ke5 Rxh2 40. Rb7+
Kd8 41. Kf6 h5 42. Rh7 Rf2+ 43. Kxg5 hxg4 44. Kxg4 Ke8 45. e5 Rf1 46. Kg5 Rf7
47. Rh6 Ke7 48. Ra6 Rf2 49. Rf6 Rxf6 50. exf6+ Kf7 {Game drawn by mutual
agreement} 1/2-1/2

[Event "Team 45 45 League T68"]
[Site "Internet Chess Club"]
[Date "2016.03.12"]
[Round "1"]
[White "drbishop"]
[Black "hudson"]
[Result "1-0"]
[WhiteElo "1787"]
[BlackElo "1752"]
[Opening "King's Indian: Four pawns attack, dynamic line"]
[ECO "E76"]
[Time "09:28:41"]
[TimeControl "2700+45"]

1. d4 Nf6 2. c4 g6 3. Nc3 Bg7 4. e4 d6 5. f4 O-O 6. Nf3 c5 7. d5 a6 8. a4 Qa5 9.
Bd2 Qc7 10. Be2 e6 11. O-O exd5 12. exd5 Bf5 13. Re1 Nbd7 14. Nh4 Be4 15. Bf3
Bxf3 16. Nxf3 Rfe8 17. Qc2 Nb6 18. b3 Rad8 19. Kh1 Nc8 20. f5 Rxe1+ 21. Rxe1 Re8
22. Rxe8+ Nxe8 23. fxg6 hxg6 24. Qd3 Nf6 25. Qe2 Qe7 26. Kg1 Qxe2 27. Nxe2 Ne4
28. Bf4 Ne7 29. Ng3 Nxg3 30. hxg3 Nf5 31. g4 Nd4 32. Bxd6 Nxb3 33. Kf2 Bc3 34.
Ke3 f6 35. Kd3 Bb4 36. g5 Kf7 37. gxf6 Kxf6 38. Be5+ Kf5 39. g3 Nc1+ 40. Ke3 Nb3
41. g4+ Kxg4 42. Bc7 Kf5 43. Nh4+ Kf6 44. d6 Ke6 45. Nxg6 Bd2+ 46. Ke4 Kd7 47.
Ne5+ Kc8 48. Bb6 {Black resigns} 1-0

[Event "Team 45 45 League T68"]
[Site "Internet Chess Club"]
[Date "2016.03.10"]
[Round "1"]
[White "wfjalet500"]
[Black "roji"]
[Result "0-1"]
[WhiteElo "1863"]
[BlackElo "1813"]
[Opening "Caro-Kann: Panov-Botvinnik attack, 5...e6"]
[ECO "B14"]
[Time "21:00:19"]
[TimeControl "2700+45"]

1. e4 c6 2. d4 d5 3. exd5 cxd5 4. c4 Nf6 5. Nc3 e6 6. Nf3 Be7 7. c5 Nc6 8. Bb5
O-O 9. Bxc6 bxc6 10. Ne5 Bb7 11. Qa4 Qc7 12. Bf4 Nh5 13. Bg3 Nxg3 14. hxg3 Bxc5
15. Qc2 f5 16. Nxd5 Qa5+ 17. b4 Bxb4+ 18. Nxb4 Qxb4+ 19. Qd2 Qxd2+ 20. Kxd2 Rfd8
21. Kc3 Rac8 22. Nd3 c5 23. Nxc5 e5 24. Kb2 Bxg2 25. Rhd1 Bf3 26. Rd3 e4 27. Ra3
Rxd4 28. Rc1 Rd2+ 29. Kc3 Rxf2 30. Kd4 Rc7 31. Nxe4 Rxc1 32. Nxf2 Bh5 33. Rxa7
Rg1 34. Nd3 Rxg3 35. Nf4 Be8 36. Ke5 Bg6 37. a4 Re3+ 38. Kd6 Bf7 39. Ra8+ Re8
40. Rxe8+ Bxe8 41. a5 Bb5 42. Kc5 Bf1 43. Kd4 g5 44. Nd3 g4 45. a6 g3 46. a7 Bg2
47. Nf4 Ba8 48. Ne2 g2 49. Ke5 Be4 50. Kf4 Kf7 51. Ke5 h5 52. Ng3 g1=Q 53. Nxe4
Qxa7 54. Nd6+ Kg6 {White resigns} 0-1

[Event "Team 45 45 League T68"]
[Site "Internet Chess Club"]
[Date "2016.03.12"]
[Round "1"]
[White "mejker"]
[Black "Pomberito"]
[Result "1-0"]
[WhiteElo "2123"]
[BlackElo "2020"]
[Opening "Queen's pawn: London system"]
[ECO "A45"]
[Time "14:02:21"]
[TimeControl "2700+45"]

1. d4 Nf6 2. Bf4 b5 3. e3 Bb7 4. Nf3 a6 5. c4 e6 6. cxb5 Bb4+ 7. Nbd2 Bxf3 8.
gxf3 axb5 9. Bxb5 c5 10. dxc5 Qa5 11. a4 Nc6 12. Bd6 Na7 13. Ke2 Nd5 14. Nc4 Qd8
15. e4 Ne7 16. Nb6 Nxb5 17. axb5 Rxa1 18. Qxa1 Bxc5 19. Bxc5 d6 20. Rd1 {Black
resigns} 1-0

[Event "Team 45 45 League T68"]
[Site "Internet Chess Club"]
[Date "2016.03.14"]
[Round "1"]
[White "primerpaso"]
[Black "fkramer"]
[Result "1-0"]
[WhiteElo "1873"]
[BlackElo "1740"]
[Opening "English: Anglo-Dutch defense"]
[ECO "A10"]
[Time "21:01:15"]
[TimeControl "2700+45"]

1. c4 f5 2. Nc3 e6 3. g3 Nf6 4. Bg2 c6 5. e4 fxe4 6. Nxe4 Nxe4 7. Bxe4 d5 8.
Qh5+ Kd7 9. cxd5 cxd5 10. Bg2 Nc6 11. Ne2 Bd6 12. O-O g6 13. Qg4 Kc7 14. Nc3 Ne5
15. Qe2 Bd7 16. d4 Nf7 17. Be3 Rc8 18. Nb5+ Kb8 19. Nxd6 Nxd6 20. Bf4 Qe7 21.
Qe5 Rc6 22. Qxh8+ {Black resigns} 1-0

[Event "Team 45 45 League T68"]
[Site "Internet Chess Club"]
[Date "2016.03.11"]
[Round "1"]
[White "Yedixon"]
[Black "Portola"]
[Result "1-0"]
[WhiteElo "1654"]
[BlackElo "1730"]
[Opening "French: advance variation"]
[ECO "C02"]
[Time "19:01:08"]
[TimeControl "2700+45"]

1. e4 e6 2. d4 d5 3. e5 c5 4. c3 Nc6 5. Bb5 Bd7 6. Ne2 cxd4 7. Bxc6 Bxc6 8. cxd4
Nh6 9. Bxh6 gxh6 10. O-O Qg5 11. Nd2 Rg8 12. Ng3 Be7 13. Nf3 Qg7 14. Qd2 h5 15.
Qf4 Bb5 16. Rfc1 Be2 17. Rc7 Bxf3 18. Qxf3 h4 19. Nh5 Qg6 20. Rac1 Kd8 21. Nf4
Qg5 22. g3 Qf5 23. Qc3 Ke8 24. Rc8+ Rxc8 25. Qxc8+ Bd8 26. Nxd5 Qg5 27. Nf6+
{Black resigns} 1-0

[Event "Team 45 45 League T68"]
[Site "Internet Chess Club"]
[Date "2016.03.09"]
[Round "1"]
[White "Hal2001"]
[Black "cayo89"]
[Result "1/2-1/2"]
[WhiteElo "1681"]
[BlackElo "1669"]
[Opening "Sicilian: closed"]
[ECO "B23"]
[Time "20:03:26"]
[TimeControl "2700+45"]

1. e4 c5 2. Nc3 g6 3. f4 Bg7 4. Nf3 Nc6 5. Bb5 e6 6. Bxc6 bxc6 7. O-O Ne7 8. d3
d5 9. Qe1 Qb6 10. Kh1 O-O 11. Qh4 Re8 12. Ng5 h6 13. Nh3 Bd7 14. e5 Nf5 15. Qf2
c4 16. Qxb6 axb6 17. dxc4 Bc8 18. cxd5 exd5 19. Ne2 Ba6 20. Rf2 Bf8 21. Nhg1 Bc5
22. Rf3 h5 23. c3 Bc4 24. a3 b5 25. b4 Bb6 26. Rh3 Kg7 27. Ng3 Nh6 28. N3e2 Ng4
29. Rf3 Nf2+ 30. Rxf2 Bxf2 31. Nd4 Bxd4 32. cxd4 Ra4 33. Nf3 Rea8 34. Bb2 Kf8
35. Ng5 Ke7 36. h4 Bd3 37. Kh2 Bf5 38. Kg3 f6 39. Nh7 fxe5 40. fxe5 Rh8 41. Ng5
Bd7 42. Bc1 Rf8 43. Bb2 Rf5 44. Nh7 Ra8 45. Nf6 Rf8 46. Nh7 R8f7 47. Ng5 Rxg5+
48. hxg5 Rf5 49. Bc1 Rf1 50. Bb2 Rxa1 51. Bxa1 Bf5 {Game drawn by mutual
agreement} 1/2-1/2

[Event "Team 45 45 League T68"]
[Site "Internet Chess Club"]
[Date "2016.03.13"]
[Round "1"]
[White "QuieroAprender"]
[Black "fireball"]
[Result "1-0"]
[WhiteElo "1663"]
[BlackElo "1556"]
[Opening "QGD: 4.Nf3"]
[ECO "D37"]
[Time "18:06:28"]
[TimeControl "2700+45"]

1. d4 e6 2. c4 d5 3. Nf3 Nf6 4. Nc3 dxc4 5. e4 Nc6 6. Bxc4 Bb4 7. Bg5 h6 8. Bxf6
Qxf6 9. e5 Qe7 10. O-O Bd7 11. d5 Bxc3 12. dxc6 Bxb2 13. cxd7+ Qxd7 14. Qxd7+
Kxd7 15. Rfd1+ Kc8 16. Rab1 Ba3 17. Rb3 Bc5 18. Rdb1 Bb6 19. a4 a5 20. Bb5 Rd8
21. Rd3 Rxd3 22. Bxd3 Kd7 23. Bb5+ c6 24. Rd1+ Kc7 25. Bc4 Bc5 26. Kf1 Rb8 27.
Rb1 Bb4 28. Ke2 b5 29. Bb3 Rd8 30. Rd1 Rxd1 31. Kxd1 Bc5 32. Ke2 g5 33. g3 Kb6
34. Nd2 Bd4 35. f4 Kc5 36. Ne4+ Kb4 37. Ba2 Ka3 38. Kd3 Bg1 39. Bb1 Kb2 40. fxg5
hxg5 41. h4 gxh4 42. gxh4 Kxb1 43. h5 Bh2 44. Nd2+ Kb2 45. Ke4 f5+ 46. exf6 Bd6
47. h6 bxa4 48. h7 a3 49. h8=Q a2 50. f7+ e5 51. Nc4+ Kc3 52. Nxd6 Kc2 53. Qxe5
{Black resigns} 1-0

[Event "Team 45 45 League T68"]
[Site "Internet Chess Club"]
[Date "2016.03.11"]
[Round "1"]
[White "mongmong"]
[Black "drsigmund1"]
[Result "1/2-1/2"]
[WhiteElo "1543"]
[BlackElo "1491"]
[Opening "Queen's pawn"]
[ECO "A40"]
[Time "18:03:38"]
[TimeControl "2700+45"]

1. d4 e6 2. Nf3 f5 3. g3 Nf6 4. Bg2 d5 5. O-O Bd6 6. c4 c6 7. Qc2 O-O 8. Bf4
Bxf4 9. gxf4 Qe8 10. Nbd2 Nbd7 11. Kh1 Kh8 12. e3 Ng4 13. cxd5 cxd5 14. Bh3 h5
15. Ng5 Ngf6 16. Qd1 Ne4 17. f3 Nxg5 18. fxg5 g6 19. f4 Nb6 20. b3 Bd7 21. Qf3
Bb5 22. Rfc1 Bd3 23. Bf1 Be4 24. Nxe4 dxe4 25. Qe2 Nd5 26. Qd2 Rc8 27. Bc4 Qd7
28. Bxd5 exd5 29. Rxc8 Rxc8 30. Rc1 Rc6 31. Rxc6 Qxc6 32. h4 Kg7 33. Kg2 Kf7 34.
Kf2 Ke6 35. Ke1 Kd7 36. Kd1 Kc8 37. Qc2 Qxc2+ 38. Kxc2 Kc7 39. Kc3 Kc6 40. Kb4
Kb6 41. a4 a5+ 42. Kc3 Kc6 43. b4 b6 44. Kb3 Kb7 45. Ka3 Ka6 46. Kb3 Kb7 47. Kc3
Kc6 48. Kb3 Kb7 49. Ka3 Ka6 50. Kb3 Kb7 51. Ka3 Ka6 52. Kb3 Kb7 53. Kc3 Kc6 54.
bxa5 bxa5 {Game drawn by mutual agreement} 1/2-1/2

[Event "Team 45 45 League T68"]
[Site "Internet Chess Club"]
[Date "2016.03.12"]
[Round "1"]
[White "Leon13"]
[Black "Gilguli"]
[Result "0-1"]
[WhiteElo "1265"]
[BlackElo "1486"]
[Opening "Sicilian: closed"]
[ECO "B23"]
[Time "14:12:24"]
[TimeControl "2700+45"]

1. e4 c5 2. Nc3 d6 3. Bb5+ Nc6 4. Bxc6+ bxc6 5. f4 d5 6. e5 Bf5 7. Nf3 e6 8. d3
Be7 9. O-O Bg4 10. Qe1 h5 11. Bd2 Nh6 12. Kh1 Nf5 13. Nd1 Bxf3 14. Rxf3 Nd4 15.
Qf2 Nxf3 16. Qxf3 Kd7 17. Nf2 g5 18. c4 g4 19. Qg3 Bh4 20. Qe3 d4 21. Qe2 Bxf2
22. Qxf2 Qg8 23. f5 Rf8 24. b4 Qh7 25. bxc5 Rd8 26. Qxd4+ Kc7 27. Ba5+ Kc8 28.
Bxd8 Rxd8 29. Qc3 Qxf5 30. Qa5 Qxd3 31. Qa6+ Kb8 32. Qa4 Rd7 33. g3 Qf3+ 34. Kg1
Qe3+ 35. Kh1 Qxc5 36. Qa6 Qb6 37. Qa3 Qd4 38. Qa6 Qe4+ 39. Kg1 Qd4+ 40. Kh1
Qxa1+ {White resigns} 0-1

[Event "Team 45 45 League T68"]
[Site "Internet Chess Club"]
[Date "2016.03.14"]
[Round "1"]
[White "Toalla"]
[Black "Kandor"]
[Result "1-0"]
[WhiteElo "1304"]
[BlackElo "1304"]
[Opening "two knights defense: Steinitz variation"]
[ECO "C59"]
[Time "13:01:13"]
[TimeControl "2700+45"]

1. e4 e5 2. Nf3 Nc6 3. Bc4 Nf6 4. Ng5 d5 5. exd5 Na5 6. Bb5+ c6 7. dxc6 bxc6 8.
Be2 h6 9. Nh3 Bc5 10. O-O O-O 11. c3 Bb6 12. d3 Bxh3 13. gxh3 Nb7 14. Bf3 Qd7
15. Bg2 Rad8 16. Qf3 Nc5 17. Be3 Nxd3 18. Bxb6 axb6 19. Qxc6 Qxc6 20. Bxc6 Nxb2
21. a4 Rc8 22. Ra2 Rxc6 23. Rxb2 Rxc3 24. Nxc3 {Black resigns} 1-0

[Event "Team 45 45 League T68"]
[Site "Internet Chess Club"]
[Date "2016.03.14"]
[Round "1"]
[White "krysto"]
[Black "az2112"]
[Result "1-0"]
[WhiteElo "1620"]
[BlackElo "1587"]
[Opening "Grünfeld: exchange variation"]
[ECO "D85"]
[Time "21:07:45"]
[TimeControl "2700+45"]

1. d4 Nf6 2. c4 g6 3. Nc3 d5 4. cxd5 Nxd5 5. e4 Nxc3 6. bxc3 c5 7. Bc4 Bg7 8.
Ne2 Nc6 9. Be3 cxd4 10. cxd4 Qa5+ 11. Qd2 Qxd2+ 12. Kxd2 O-O 13. Rab1 Rd8 14. d5
Ne5 15. Bb3 e6 16. Rhd1 Ng4 17. h3 Nxe3 18. Kxe3 exd5 19. Bxd5 Rb8 20. Bxf7+
{Black resigns} 1-0

[Event "Team 45 45 League T68"]
[Site "Internet Chess Club"]
[Date "2016.03.14"]
[Round "1"]
[White "ChessMaine"]
[Black "Berke"]
[Result "1-0"]
[WhiteElo "1496"]
[BlackElo "1559"]
[Opening "Queen's pawn game"]
[ECO "D04"]
[Time "05:01:34"]
[TimeControl "2700+45"]

1. d4 Nf6 2. Nf3 d5 3. e3 g6 4. c4 c6 5. cxd5 cxd5 6. Bb5+ Bd7 7. Qa4 a6 8.
Bxd7+ Qxd7 9. Qb3 Nc6 10. Bd2 Bg7 11. Nc3 e6 12. O-O O-O 13. Rac1 Rfc8 14. Na4
b5 15. Nb6 Qb7 {Black resigns} 1-0

[Event "Team 45 45 League T68"]
[Site "Internet Chess Club"]
[Date "2016.03.14"]
[Round "1"]
[White "JohLeb"]
[Black "tamky70"]
[Result "1-0"]
[WhiteElo "1360"]
[BlackElo "1330"]
[Opening "Lengfellner system"]
[ECO "C01"]
[Time "13:00:15"]
[TimeControl "2700+45"]

1. d4 e6 2. e4 d6 3. Nc3 Bd7 4. Bd3 Be7 5. Nge2 Nc6 6. a3 a6 7. O-O Nf6 8. f4 e5
9. d5 Na7 10. f5 c6 11. Bc4 cxd5 12. Bxd5 Nxd5 13. Nxd5 Bc6 14. Nec3 Nb5 15. Qg4
Bf6 16. Nxb5 axb5 17. Nxf6+ gxf6 18. Be3 Qe7 19. Bb6 Ra4 20. Rfe1 d5 21. Qg7 Rf8
22. b4 dxe4 23. Bc5 Qxc5+ 24. bxc5 Rd4 25. Rad1 Ke7 26. Rxd4 exd4 27. Qg4 Kd7
28. Qf4 Re8 29. Qd6+ Kc8 30. Qxf6 e3 31. Qxd4 Rg8 32. g3 {Black resigns} 1-0

[Event "Team 45 45 League T68"]
[Site "Internet Chess Club"]
[Date "2016.03.14"]
[Round "1"]
[White "RD1974"]
[Black "DIonized"]
[Result "1-0"]
[WhiteElo "1698"]
[BlackElo "1320"]
[Opening "Bishop's opening: Berlin defense"]
[ECO "C24"]
[Time "18:05:33"]
[TimeControl "2700+45"]

1. e4 e5 2. Bc4 Nf6 3. d3 d5 4. exd5 Nxd5 5. Qf3 Be6 6. Nc3 Bb4 7. Ne2 Nc6 8.
O-O Nd4 9. Nxd4 Nxc3 10. Nxe6 fxe6 11. Qh5+ g6 12. Qxe5 O-O 13. Bxe6+ Rf7 14.
bxc3 Qd6 15. Qxd6 Bxd6 16. Bh6 Bf8 17. Bxf8 Kxf8 18. Bxf7 Kxf7 19. Rfe1 a5 20.
Rab1 b6 21. Re4 Rd8 22. Rbe1 Rd7 23. h3 {Black resigns} 1-0

[Event "Team 45 45 League T68"]
[Site "Internet Chess Club"]
[Date "2016.03.11"]
[Round "1"]
[White "DineshB"]
[Black "Bible-Believer"]
[Result "1-0"]
[WhiteElo "1234"]
[BlackElo "1445"]
[Opening "Scandinavian: Pytel-Wade variation"]
[ECO "B01"]
[Time "18:01:48"]
[TimeControl "2700+45"]

1. e4 d5 2. exd5 Qxd5 3. Nc3 Qd6 4. Nf3 Nf6 5. d4 a6 6. Bc4 b5 7. Bb3 e6 8. O-O
Nbd7 9. a4 Bb7 10. axb5 axb5 11. Rxa8+ Bxa8 12. Nxb5 Qb6 13. Nc3 Bb4 14. Be3 Nd5
15. Nxd5 Bxd5 16. Bxd5 exd5 17. Ne5 Nxe5 18. dxe5 Qe6 19. c3 Be7 20. Qa4+ c6 21.
Qa8+ Bd8 22. Bc5 Kd7 23. Qb8 Re8 24. Bd6 Be7 25. Qc7# {Black checkmated} 1-0

[Event "Team 45 45 League T68"]
[Site "Internet Chess Club"]
[Date "2016.03.12"]
[Round "1"]
[White "chesskix"]
[Black "guyd52"]
[Result "1-0"]
[WhiteElo "1548"]
[BlackElo "1350"]
[Opening "English opening"]
[ECO "A10"]
[Time "20:00:29"]
[TimeControl "2700+45"]

1. c4 g6 2. Nc3 Bg7 3. Nf3 Nf6 4. d3 d6 5. g3 O-O 6. Bg2 e5 7. O-O Nc6 8. Bg5
Be6 9. Nd5 Bxd5 10. cxd5 Ne7 11. e4 Qd7 12. Rc1 Rfe8 13. a4 b6 14. b4 a6 15. Qc2
Rac8 16. Bd2 c6 17. dxc6 Rxc6 18. Qb3 Rec8 19. Ng5 d5 20. Bh3 Ng4 21. exd5 Rxc1
22. Bxc1 h6 23. Nxf7 Qxd5 24. Qxd5 Nxd5 25. Bxg4 Kxf7 26. Bxc8 Nxb4 27. Rd1 a5
28. Bb7 Nc2 29. Be3 Nd4 30. Kg2 Ke6 31. Rb1 b5 32. axb5 Nc2 33. b6 a4 34. Rb2
Ne1+ 35. Kf1 Nxd3 36. Ra2 a3 37. Rxa3 Nb2 38. Rb3 Nc4 39. Be4 Nxb6 40. Rxb6+ Kf7
41. Bxg6+ Kg8 42. Rb8+ Bf8 43. Bxh6 {Black resigns} 1-0

[Event "Team 45 45 League T68"]
[Site "Internet Chess Club"]
[Date "2016.03.13"]
[Round "1"]
[White "stasis009"]
[Black "kingsrook"]
[Result "1-0"]
[WhiteElo "1260"]
[BlackElo "1358"]
[Opening "QGD: Tarrasch defense"]
[ECO "D32"]
[Time "15:00:30"]
[TimeControl "2700+45"]

1. d4 d5 2. c4 e6 3. Nc3 c5 4. e3 Nc6 5. Nf3 Nf6 6. Be2 Be7 7. O-O O-O 8. b3
cxd4 9. exd4 Ne4 10. Qc2 Nxc3 11. Qxc3 Bb4 12. Qc2 Be7 13. Bb2 Re8 14. Rfe1 Bf6
15. Rad1 Qb6 16. c5 Qc7 17. Bd3 g6 18. a3 e5 19. dxe5 Nxe5 20. Nxe5 Bxe5 21. f4
Bf5 22. Bxe5 Bxd3 23. Rxd3 Qc6 24. Qc1 f6 25. Bd4 Re4 26. Rxe4 dxe4 27. Re3 Rd8
28. Qc4+ Kg7 29. Rxe4 Re8 30. Rxe8 Qxe8 31. Kf2 Qe4 32. Bxf6+ {Black resigns}
1-0

[Event "Team 45 45 League T68"]
[Site "Internet Chess Club"]
[Date "2016.03.11"]
[Round "1"]
[White "cayo89"]
[Black "CottageGuy"]
[Result "0-1"]
[WhiteElo "1653"]
[BlackElo "1680"]
[Opening "French: exchange variation"]
[ECO "C01"]
[Time "19:03:40"]
[TimeControl "2700+45"]

1. e4 e6 2. d4 d5 3. exd5 exd5 4. c4 Nf6 5. Bd3 dxc4 6. Bxc4 Nc6 7. Ne2 Bd6 8.
Nbc3 O-O 9. h3 Bf5 10. a3 Re8 11. Be3 a6 12. Qd2 b5 13. Ba2 h6 14. O-O Na5 15.
Nd5 Nc4 16. Bxc4 bxc4 17. Ndc3 Qc8 18. Bf4 Qb7 19. Bxd6 cxd6 20. Ng3 Bd3 21.
Rfe1 Qb3 22. Nge2 Rab8 23. Nc1 Rxe1+ 24. Qxe1 Qc2 25. Ra2 Re8 {White resigns}
0-1

[Event "Team 45 45 League T68"]
[Site "Internet Chess Club"]
[Date "2016.03.12"]
[Round "1"]
[White "Fianchettoed"]
[Black "elessar"]
[Result "1/2-1/2"]
[WhiteElo "1694"]
[BlackElo "1682"]
[Opening "Réti opening"]
[ECO "A05"]
[Time "09:00:30"]
[TimeControl "2700+45"]

1. Nf3 Nf6 2. g3 c5 3. Bg2 Nc6 4. c4 d6 5. d4 cxd4 6. Nxd4 Nxd4 7. Qxd4 g6 8.
Nc3 Bg7 9. Qd3 O-O 10. O-O a6 11. Bd2 Qc7 12. Rac1 Bf5 13. e4 Be6 14. Nd5 Bxd5
15. cxd5 Qd7 16. h3 Rfc8 17. Be3 Rxc1 18. Rxc1 Rc8 19. Rc2 Ne8 20. b3 Rxc2 21.
Qxc2 Qc7 22. Qxc7 Nxc7 23. Bf1 Nb5 24. Bxb5 axb5 25. Kf1 Bc3 26. Ke2 Bb4 27. Kd3
Kf8 28. f3 Ke8 29. a4 bxa4 30. bxa4 Kd7 31. Kc4 Ba5 32. g4 {Game drawn by mutual
agreement} 1/2-1/2

[Event "Team 45 45 League T68"]
[Site "Internet Chess Club"]
[Date "2016.03.10"]
[Round "1"]
[White "Hal2001"]
[Black "Tommyboy1576"]
[Result "1/2-1/2"]
[WhiteElo "1673"]
[BlackElo "1489"]
[Opening "Sicilian: closed"]
[ECO "B23"]
[Time "21:00:29"]
[TimeControl "2700+45"]

1. e4 c5 2. Nc3 e6 3. f4 Nc6 4. Nf3 d5 5. Bb5 Nf6 6. Bxc6+ bxc6 7. e5 Nd7 8. O-O
Be7 9. d3 O-O 10. Qe1 Ba6 11. Qg3 f5 12. exf6 Bxf6 13. Re1 Re8 14. Bd2 Qc7 15.
Ne5 Bxe5 16. fxe5 Nb6 17. Rf1 Rf8 18. Bf4 Rf5 19. Rf2 Raf8 20. Raf1 Qf7 21. Bd2
Rxf2 22. Rxf2 Qxf2+ 23. Qxf2 Rxf2 24. Kxf2 h6 25. h4 Kf7 26. h5 g5 27. hxg6+
Kxg6 28. g4 Bc8 29. Ne2 Bd7 30. Kg3 Kh7 31. Nf4 d4 32. a3 {Game drawn by mutual
agreement} 1/2-1/2

[Event "Team 45 45 League T68"]
[Site "Internet Chess Club"]
[Date "2016.03.14"]
[Round "1"]
[White "TwinsburgOHUSA"]
[Black "Constrictor"]
[Result "1/2-1/2"]
[WhiteElo "1414"]
[BlackElo "1604"]
[Opening "Caro-Kann: classical, 6.h4"]
[ECO "B18"]
[Time "20:00:25"]
[TimeControl "2700+45"]

1. e4 c6 2. d4 d5 3. Nc3 dxe4 4. Nxe4 Bf5 5. Ng3 Bg6 6. h4 h6 7. h5 Bh7 8. Bd3
Bxd3 9. Qxd3 Qc7 10. Bd2 Nf6 11. N1e2 e6 12. O-O-O Nbd7 13. Ne4 Nxe4 14. Qxe4
Nf6 15. Qd3 Bd6 16. g3 O-O-O 17. Qf3 Qe7 18. Bf4 Bxf4+ 19. Nxf4 Nd5 20. c3 Qg5
21. Rh4 Nf6 22. Kb1 Qf5+ 23. Qd3 Qxd3+ 24. Nxd3 Rd5 25. Ne5 Rf8 26. g4 Nd7 27.
Nxd7 Kxd7 28. Kc2 Ke7 29. f4 Rfd8 30. Rhh1 Ra5 31. a3 Rad5 32. b4 R8d7 33. Kb3
Kd8 34. Rhe1 Kc7 35. Re5 Kb6 36. Rxd5 cxd5 37. a4 Rc7 38. Re1 a5 39. b5 Re7 40.
f5 Kc7 41. fxe6 Rxe6 42. Rxe6 fxe6 43. c4 dxc4+ 44. Kxc4 Kd6 45. Kd3 Kd5 46. Ke3
Kc4 47. Ke4 Kb4 48. Ke5 Kxa4 49. Kxe6 Kxb5 50. d5 a4 51. d6 a3 52. d7 a2 53.
d8=Q a1=Q 54. Qd5+ Ka6 55. Qc4+ Ka7 56. Qc5+ Ka6 57. Qc4+ Ka7 58. Qc5+ {Game
drawn by mutual agreement} 1/2-1/2

[Event "Team 45 45 League T68"]
[Site "Internet Chess Club"]
[Date "2016.03.15"]
[Round "1"]
[White "modiglani"]
[Black "ausya"]
[Result "1/2-1/2"]
[WhiteElo "1915"]
[BlackElo "1723"]
[Opening "Sicilian: Hungarian variation"]
[ECO "B27"]
[Time "14:00:19"]
[TimeControl "2700+45"]

1. e4 c5 2. Nf3 g6 3. d4 cxd4 4. Qxd4 Nf6 5. e5 Nc6 6. Qa4 Nd5 7. c4 Nb6 8. Qd1
d6 9. exd6 Qxd6 10. Qxd6 exd6 11. Be2 Be6 12. Na3 Bg7 13. Nb5 Rd8 14. Bf4 Bxb2
15. Rd1 Be5 16. Bxe5 dxe5 17. Nd6+ Ke7 18. Nxb7 Rxd1+ 19. Kxd1 Bxc4 20. Re1
Bxe2+ 21. Rxe2 f6 22. Rc2 Rc8 23. Nc5 Nb4 24. Rb2 Rxc5 25. Rxb4 Rc4 26. Rb2 Kd6
27. Nd2 Rd4 28. Ke2 Nc4 29. Nxc4+ Rxc4 30. Kd3 Rc7 31. f3 f5 32. g4 Rf7 33. gxf5
Rxf5 34. Ke3 Kc6 35. Rc2+ Kd6 36. Rd2+ Ke6 37. Rb2 g5 38. a4 h5 39. a5 e4 40.
fxe4 Rxa5 41. Kd4 Ra4+ 42. Ke3 a6 43. Rb3 Ke5 44. Rb6 Rxe4+ 45. Kf3 Ra4 46. Rh6
h4 47. Rh8 g4+ 48. Kg2 Ra2+ 49. Kg1 h3 50. Re8+ Kd6 51. Re1 a5 52. Rd1+ Kc5 53.
Kh1 a4 54. Rc1+ Kd4 55. Rg1 Rg2 56. Rd1+ Kc3 57. Rd3+ Kb2 58. Rb3+ Kc2 59. Rb2+
Kd3 60. Rb3+ Ke4 61. Rb4+ Kf3 62. Rb3+ Kf4 63. Rb4+ Kf5 64. Rf4+ {Game drawn by
mutual agreement} 1/2-1/2

[Event "Team 45 45 League T68"]
[Site "Internet Chess Club"]
[Date "2016.03.12"]
[Round "1"]
[White "Elton2013"]
[Black "julesraider"]
[Result "1-0"]
[WhiteElo "1751"]
[BlackElo "1588"]
[Opening "King's Indian: Petrosian system, main line"]
[ECO "E93"]
[Time "20:00:14"]
[TimeControl "2700+45"]

1. d4 Nf6 2. c4 g6 3. Nc3 Bg7 4. e4 d6 5. Be2 O-O 6. Nf3 e5 7. d5 Nbd7 8. O-O
Nc5 9. Qc2 a5 10. Rb1 Nfxe4 11. Nxe4 Nxe4 12. Ra1 f5 13. Nd2 Nc5 14. a3 e4 15.
Rb1 Qh4 16. b4 axb4 17. axb4 Nd7 18. c5 Be5 19. h3 Nf6 20. cxd6 Ng4 21. Bxg4
fxg4 22. Qxe4 Bxd6 23. Bb2 c5 24. bxc5 Bxc5 25. Qe5 Bxf2+ 26. Kh1 Kf7 27. Rbe1
Rg8 28. Qc7+ Kf8 29. Rxf2+ Bf5 30. Qd6+ Kf7 31. Qe6+ Kf8 32. Rxf5+ gxf5 33.
Qxf5+ {Black resigns} 1-0

[Event "Team 45 45 League T68"]
[Site "Internet Chess Club"]
[Date "2016.03.09"]
[Round "1"]
[White "KidRattler"]
[Black "moodle"]
[Result "0-1"]
[WhiteElo "1627"]
[BlackElo "1620"]
[Opening "Scotch: Göring gambit"]
[ECO "C21"]
[Time "18:12:05"]
[TimeControl "2700+45"]

1. e4 e5 2. d4 exd4 3. c3 Nc6 4. Nf3 d5 5. exd5 Qxd5 6. cxd4 Bg4 7. Nc3 Bb4 8.
Be3 Nf6 9. Be2 O-O 10. O-O Qa5 11. Qb3 Rae8 12. a3 Bxc3 13. Qxc3 Qxc3 14. bxc3
Nd5 15. h3 Nxe3 16. fxe3 Rxe3 17. hxg4 Rxe2 18. Kh2 Na5 19. Rfe1 Rfe8 20. Ne5
Rxe1 21. Rxe1 f6 22. Nd3 Rxe1 23. Nxe1 Nc4 24. Nc2 Nd2 25. Ne3 Nb1 26. Nd5 c6
27. Ne7+ Kf7 28. Nc8 Nxc3 29. Nd6+ Ke6 30. Nxb7 Nb5 31. Na5 Kd5 32. Kg3 Nxa3 33.
Kh4 Nc2 34. g3 Nxd4 35. g5 c5 36. g4 c4 37. Kh5 c3 38. g6 h6 39. g5 fxg5 40. Nb3
Nxb3 41. Kg4 c2 42. Kf3 c1=Q 43. Kg4 Ke4 44. Kg3 Qe1+ 45. Kg4 a6 46. Kh3 Kf3 47.
Kh2 Qf2+ 48. Kh1 Qg2# {White checkmated} 0-1